 Dungeon Crawl Stone Soup version 0.23.0-3-gf3c87f2 (webtiles) character file.

Game seed: 14462059092812900204

1135 Semilg the Slinger (level 8, -8/52 HPs)
             Began as a Halfling Hunter on Feb 24, 2019.
             Was an Initiate of Sif Muna.
             Mangled by an orc warrior
             ... wielding a +0 glaive
              (9 damage)
             ... on level 6 of the Dungeon.
             The game lasted 00:37:18 (6293 turns).

Semilg the Slinger (Halfling Hunter)                Turns: 6293, Time: 00:37:18

Health: -8/52      AC:  7    Str: 13    XL:     8   Next: 63%
Magic:  8/8        EV: 14    Int:  9    God:    Sif Muna [......]
Gold:   325        SH:  0    Dex: 17    Spells: 7/7 levels left

rFire    + . .     SeeInvis .   t - +1 flail
rCold    . . .     Gourm    .   (shield restricted)
rNeg     . . .     Faith    .   e - +2 ring mail {rPois}
rPois    +         Spirit   .   (no helmet)
rElec    .         Reflect  .   (no cloak)
rCorr    .         Harm     .   (no gloves)
MR       .....                  (no boots)
Stlth    +.........             (no amulet)
HPRegen  0.17/turn              w - ring of protection from fire
MPRegen  0.11/turn              m - ring of flight

@: no status effects
A: small, mutation resistance 1
a: Renounce Religion, Evoke Flight


You were on level 6 of the Dungeon.
You worshipped Sif Muna.
Sif Muna was noncommittal.
You were not hungry.

You visited 1 branch of the dungeon, and saw 6 of its levels.

You collected 325 gold pieces.

Inventory:

Hand Weapons
 a - a +1 hunting sling
 b - a +0 short sword
 k - a +0 mace
 t - a +1 flail (weapon)
 E - the +1 dagger "Ypnygyiss" {flame, Str+7}
   (You found it on level 6 of the Dungeon)

   It has been specially enchanted to burn those struck by it, causing extra
   injury to most foes and up to half again as much damage against particularly
   susceptible opponents.
   It affects your strength (+7).
 F - a +0 shortbow
Missiles
 q - 125 stones (quivered)
 z - 7 bolts
 A - 5 sling bullets
 C - 6 tomahawks
 D - 2 arrows
Armour
 c - a +0 leather armour
 e - a +2 ring mail of poison resistance (worn)
 n - a +0 ring mail
 y - a +0 chain mail
Jewellery
 m - a ring of flight (right hand)
 w - a ring of protection from fire (left hand)
Wands
 r - a wand of iceblast (9)
 B - a wand of clouds (3)
Scrolls
 d - a scroll of magic mapping
 i - 2 scrolls of remove curse
Potions
 g - 3 potions of might {unknown}
 h - a potion of experience {unknown}
 j - 3 potions of heal wounds
 o - 5 potions of curing {unknown}
 s - a potion of agility {unknown}
 u - a potion of invisibility {unknown}
 v - a potion of mutation {unknown}
 x - 2 potions of magic {unknown}
Comestibles
 f - 8 rations


   Skills:
 + Level 3.2 Fighting
 + Level 1.7 Short Blades
 + Level 0.1 Maces & Flails
 * Level 11.6(11.8) Slings
 + Level 1.0 Bows
 + Level 2.7(5.9) Throwing
 + Level 3.0 Armour
 + Level 3.0 Dodging
 + Level 1.7 Stealth
 + Level 1.1 Evocations


You had 7 spell levels left.
You didn't know any spells.
Your spell library was empty.

Dungeon Overview and Level Annotations

Branches:
Dungeon (6/15)             Temple (0/1) D:6

Altars:
Kikubaaqudgha
Ru
Sif Muna
Xom

Annotations:
D:6 1 runed translucent door


Innate Abilities, Weirdness & Mutations

You are small and have problems with some larger weapons.
You are somewhat resistant to further mutation.


Message History

You closely miss the orc warrior.
The orc warrior is lightly wounded.
The orc warrior closely misses you.
You hit the orc warrior but do no damage.
The orc warrior is lightly wounded.
The orc warrior hits you with a +0 glaive!!
* * * LOW HITPOINT WARNING * * *
You sock the orc warrior!
The orc warrior is moderately wounded.
The orc warrior hits you with a +0 glaive.
* * * LOW HITPOINT WARNING * * *
You closely miss the orc warrior.
The orc warrior is moderately wounded.
The orc warrior barely misses you.
You barely miss the orc warrior.
The orc warrior is moderately wounded.
The orc warrior hits you with a +0 glaive!
* * * LOW HITPOINT WARNING * * *
The orc warrior hits you from afar with a +0 glaive!
You die...

...# ##..# #..# ##..(..###
...###...# #..# #..(.....##
....##...# #..# #.........# #
....#....# ##..####......##..#
#
.........####.............#####
# .........................## #
................§.o......# # #
........#......§§..##....# ##F#
..<....#.......§@§.###...#
###S# ............#......# ##..
#.#+# ...........###...###
#.... #.........## ##..##
.###.... #.........#
###...######.........
##.......##
#....................
#........#
#....####............
........## ##..##≈≈≈# ....<....
...##...####...#≈≈≈≈≈≈#
........


You could see an orc warrior.

Vanquished Creatures
  Sigmund (D:6)
  A centaur (D:6)
  2 ogres
  A bullfrog (D:6)
  A scorpion (D:4)
  2 crimson imps
  3 orc wizards
  3 orc priests
  A centaur skeleton (D:6)
  Jessica (D:2)
  2 iguanas
  4 worker ants
  A hound skeleton (D:4)
  4 adders
  A shadow imp (D:6)
  An adder skeleton (D:4)
  5 worms
  3 leopard geckos
  23 orcs
  6 bats
  3 giant cockroaches
  A hobgoblin (D:1)
  7 jackals
  4 kobolds
  3 quokkas
  2 ball pythons (D:2)
  6 frilled lizards
  3 goblins
  4 rats (D:2)
99 creatures vanquished.

Notes
Turn   | Place    | Note
-------+----------+-------------------------------------------
     0 | D:1      | Semilg the Halfling Hunter began the quest for the Orb.
     0 | D:1      | Reached XP level 1. HP: 14/14 MP: 1/1
   158 | D:1      | Reached skill level 6 in Slings
   360 | D:1      | Reached XP level 2. HP: 19/19 MP: 2/2
   852 | D:2      | Reached XP level 3. HP: 24/24 MP: 3/3
   977 | D:2      | Found a deep blue altar of Sif Muna.
   982 | D:2      | Became a worshipper of Sif Muna the Loreminder
  1002 | D:2      | Reached skill level 7 in Slings
  1288 | D:2      | Noticed Jessica
  1299 | D:2      | Killed Jessica
  1299 | D:2      | Reached XP level 4. HP: 25/29 MP: 4/4
  2019 | D:3      | Reached XP level 5. HP: 26/35 MP: 5/5
  2172 | D:3      | Found a shimmering altar of Xom.
  2380 | D:3      | Found an ancient bone altar of Kikubaaqudgha.
  2467 | D:4      | Noticed an ogre
  2484 | D:4      | Killed an ogre
  2484 | D:4      | Reached skill level 8 in Slings
  2502 | D:4      | Reached skill level 1 in Short Blades
  2502 | D:4      | Reached skill level 1 in Armour
  2502 | D:4      | Reached XP level 6. HP: 12/41 MP: 6/6
  2630 | D:4      | Reached skill level 9 in Slings
  3340 | D:5      | Entered Level 5 of the Dungeon
  3441 | D:5      | Reached XP level 7. HP: 45/45 MP: 7/7
  3823 | D:5      | Reached skill level 1 in Evocations
  3836 | D:5      | Reached skill level 10 in Slings
  3927 | D:5      | Found a sacrificial altar of Ru.
  4194 | D:6      | Got a polished dagger
  4202 | D:6      | Identified the cursed +1 dagger "Ypnygyiss" {flame, Str+7}
                  | (You found it on level 6 of the Dungeon)
  4209 | D:6      | Found a staircase to the Ecumenical Temple.
  4257 | D:6      | Noticed Sigmund
  4310 | D:6      | Killed Sigmund
  4525 | D:6      | Reached skill level 11 in Slings
  4525 | D:6      | Reached XP level 8. HP: 43/52 MP: 8/8
  4736 | D:6      | Reached skill level 1 in Throwing
  6067 | D:6      | Reached skill level 1 in Bows
  6070 | D:6      | Found a runed translucent door.
  6292 | D:6      | HP: 1/52 [orc warrior/+0 glaive (7)]
  6293 | D:6      | Mangled by an orc warrior

Skill      XL: |  1  2  3  4  5  6  7  8 |
---------------+-------------------------+-----
Slings         | 6 7 8 9 11 | 11.6
Fighting       | 2 3 |  3.2
Short Blades   | 1 |  1.7
Armour         | 1 2 3 |  3.0
Evocations     | 1 |  1.1
Throwing       | 2 |  2.7
Dodging        | 3 |  3.0
Bows           | 1 |  1.0
Maces & Flails | |  0.1
Stealth        | |  1.7

Action                   |  1- 3 |  4- 6 |  7- 9 || total
-------------------------+-------+-------+-------++-------
Melee: Short sword       |    20 |    32 |       ||    52
       Dagger            |       |       |    91 ||    91
       Flail             |       |       |     8 ||     8
 Fire: Hunting sling     |    88 |    87 |    43 ||   218
       Shortbow          |       |       |    16 ||    16
Throw: Stone             |       |       |    57 ||    57
       Tomahawk          |       |       |    22 ||    22
Evoke: Wand              |       |     1 |     3 ||     4
  Use: Scroll            |     5 |     5 |     6 ||    16
       Potion            |       |       |     4 ||     4
  Eat: Chunk             |     1 |     3 |     3 ||     7
       Ration            |       |     1 |     2 ||     3
Armor: Ring mail         |    14 |     6 |    26 ||    46
Dodge: Dodged            |    46 |    28 |    70 ||   144
